 Dungeon Crawl Stone Soup version 0.23.1 (webtiles) character file.

Game seed: 9381977004194906078

20552 Lanoc the Bludgeoner (level 12, -9/111 HPs)
             Began as a Minotaur Chaos Knight on Mar 2, 2019.
             Was a Plaything of Xom.
             Shot with a bolt by a yaktaur (24 damage)
             ... on level 12 of the Dungeon.
             The game lasted 00:23:29 (9627 turns).

Lanoc the Bludgeoner (Minotaur Chaos Knight)        Turns: 9627, Time: 00:23:30

Health: -9/111     AC:  8    Str: 18    XL:     12   Next: 46%
Magic:  11/11      EV: 28    Int:  9    God:    Xom [......]
Gold:   610        SH:  0    Dex: 19    Spells: 11/11 levels left

rFire    . . .     SeeInvis +   v - +1 morningstar (distort)
rCold    . . .     Gourm    .   (no shield)
rNeg     . . .     Faith    .   b - +2 leather armour
rPois    .         Spirit   .   f - +0 hat
rElec    .         Reflect  .   (no cloak)
rCorr    .         Harm     .   (no gloves)
MR       +....                  h - +0 pair of boots
Stlth    ++........             t - amulet of regeneration
HPRegen  0.68/turn              n - ring of protection from magic
MPRegen  0.12/turn              E - +3 ring of evasion

@: agile, hasted, very quick
A: retaliatory headbutt, horns 2, see invisible, blink, MP-powered wands
a: Blink, Renounce Religion


You were on level 12 of the Dungeon.
You worshipped Xom.
You were a very special plaything of Xom.
You were hungry.

You visited 2 branches of the dungeon, and saw 13 of its levels.

You collected 610 gold pieces.

Inventory:

Hand Weapons
 a - a +0 mace of chaos
 v - a +1 morningstar of distortion (weapon)
 D - a +1 quarterstaff of crushing
 H - a +0 demon blade of venom
Armour
 b - a +2 leather armour (worn)
 f - a +0 hat (worn)
 h - a +0 pair of boots (worn)
Magical Staves
 B - an uncursed staff of power {unknown}
Jewellery
 n - a ring of protection from magic (left hand)
 t - an amulet of regeneration (around neck)
 w - a +3 amulet of reflection {unknown}
 A - an uncursed amulet of the gourmand {unknown}
 E - a +3 ring of evasion (right hand)
 P - an uncursed amulet of harm {unknown}
Wands
 l - a wand of acid (17)
 r - a wand of paralysis (13)
 u - a wand of flame (44)
 y - a wand of scattershot (8)
 O - a wand of iceblast (7)
 Q - a wand of random effects (37)
Scrolls
 e - 3 scrolls of random uselessness {unknown}
 g - 4 scrolls of magic mapping {unknown}
 i - 3 scrolls of fog {unknown}
 j - 3 scrolls of teleportation
 m - 2 scrolls of enchant weapon {unknown}
 q - 2 scrolls of enchant armour {unknown}
 s - 3 scrolls of remove curse {unknown}
 C - a scroll of blinking
 G - 3 scrolls of amnesia
 L - 2 scrolls of noise {unknown}
Potions
 o - a potion of might
 p - 3 potions of haste
 x - a potion of magic
 F - a potion of brilliance
 J - a potion of ambrosia
 K - a potion of flight
 M - a potion of resistance
 N - a potion of mutation
Comestibles
 c - 27 rations


   Skills:
 + Level 11.6 Fighting
 * Level 15.3 Maces & Flails
 + Level 11.3 Armour
 + Level 10.3 Dodging


You had 11 spell levels left.
You didn't know any spells.
Your spell library contained the following spells:

 Spells                   Type           Power        Failure   Level  Hunger
 Beastly Appendage        Tmut           #.....       43%         1    ##.....
 Confusing Touch          Hex            #.....       43%         1    ##.....
 Magic Dart               Conj           #...         43%         1    ##.....
 Shock                    Conj/Air       #...         43%         1    ##.....
 Summon Small Mammal      Summ           #...         43%         1    ##.....
 Blink                    Tloc           N/A          56%         2    ###....
 Call Imp                 Summ           #.......     56%         2    ###....
 Slow                     Hex            #.......     56%         2    ###....
 Sticks to Snakes         Tmut           #.......     56%         2    ###....
 Swiftness                Chrm/Air       #.......     56%         2    ###....
 Call Canine Familiar     Summ           #.......     80%         3    ####...
 Confuse                  Hex            #.......     80%         3    ####...
 Conjure Flame            Conj/Fire      #.......     80%         3    ####...
 Gell's Gravitas          Tloc           #.........   80%         3    ####...
 Mephitic Cloud           Conj/Pois/Air  #.......     80%         3    ####...
 Spider Form              Tmut/Pois      #.........   80%         3    ####...
 Static Discharge         Conj/Air       #.......     80%         3    ####...
 Summon Guardian Golem    Hex/Summ       #.......     80%         3    ####...
 Airstrike                Air            #.........   99%         4    #####..
 Ice Form                 Ice/Tmut       #.......     99%         4    #####..
 Petrify                  Tmut/Erth      #.......     99%         4    #####..
 Summon Ice Beast         Ice/Summ       #.......     99%         4    #####..
 Summon Lightning Spire   Summ/Air       #.......     99%         4    #####..
 Blade Hands              Tmut           #.........   100%        5    ######.
 Lightning Bolt           Conj/Air       #.........   100%        5    ######.
 Metabolic Englaciation   Hex/Ice        #.........   100%        5    ######.
 Yara's Violent Unravell  Hex/Tmut       #.........   100%        5    ######.


Dungeon Overview and Level Annotations

Branches:
Dungeon (12/15)            Temple (1/1) D:5            Lair (0/6) D:8
    Orc (0/2) D:10

Altars:
Ashenzari
Dithmenos
Hepliaklqana
Nemelex Xobeh
Okawaru
Qazlal
Ru
Sif Muna
Vehumet
Wu Jian
Xom
Yredelemnul
Zin
The Shining One

Annotations:
Abyss:1 Grinder, Joseph


Innate Abilities, Weirdness & Mutations

You reflexively headbutt those who attack you in melee.
You have a pair of horns on your head.
You have supernaturally acute eyesight. (SInv)
You can translocate small distances at will.
You expend magic power (3 MP) to strengthen your wands.


Message History

The yaktaur hits you but does no damage.
Okay, then.
Okay, then.
You feel agile all of a sudden. The big kobold completely misses you.
The yaktaur completely misses you. You furiously retaliate!
You headbutt the yaktaur.
The gargoyle hits you with a +3 flail of chaos.
* * * LOW HITPOINT WARNING * * *
The gargoyle freezes you.
* * * LOW HITPOINT WARNING * * *
You feel yourself speed up.
The yaktaur shoots a bolt.
The bolt misses you. The big kobold completely misses you.
The yaktaur hits you.
* * * LOW HITPOINT WARNING * * *
The gargoyle hurls a stone arrow at you.
The stone arrow hits you!
* * * LOW HITPOINT WARNING * * *
You feel better. The big kobold closely misses you. The yaktaur misses you.
The yaktaur shoots a bolt.
The bolt hits you!!
You die...
Xom howls with laughter!

#....# .
#....# # .
#....#.# .
###....#.#
.
#........#
.
#........#.
.
#..(......#
.
#..9c..c...
#..@§§..>^.
#(.§K..c..)
#..
#..........
#..
#..........
#..
#..........
#.####
##########.
##.#...
......
#.....
+.....


You could see 3 yaktaurs, a gargoyle and a big kobold.

Vanquished Creatures
  Snorg (D:11)
  Harold (D:8)
  2 two-headed ogres
  5 death yaks (D:8)
  An ugly thing (D:11)
  A manticore (D:11)
  A cyclops (D:11)
  A gargoyle (D:10)
  A komodo dragon (D:12)
  2 hornets (D:8)
  A polar bear (D:9)
  4 trolls
  3 hippogriffs
  A shadow (D:11)
  3 hungry ghosts
  A wraith (D:10)
  6 yaks (D:11)
  Eustachio (D:5)
  A soldier ant (D:8)
  A swamp drake (D:9)
  3 ice beasts
  A black bear (D:10)
  4 orc warriors
  2 sky beasts
  2 hornet zombies
  An eye of draining (D:11)
  6 ogres
  12 centaurs
  3 big kobolds
  A crocodile (D:11)
  6 bullfrogs
  3 gnoll sergeants (D:10)
  4 scorpions
  17 killer bees
  16 wights
  4 electric eels
  A bullfrog zombie (D:7)
  A centaur zombie (D:9)
  5 crimson imps
  A quasit (D:6)
  3 jellies
  4 hounds
  4 orc priests
  4 centaur skeletons
  11 orc wizards
  2 bullfrog skeletons
  3 iguanas
  7 worker ants
  A bullfrog simulacrum (D:10)
  A hound skeleton (D:8)
  A worker ant zombie (D:7)
  3 gnolls (D:10)
  11 adders
  A hound simulacrum (D:10)
  6 shadow imps
  A white imp (D:9)
  A worker ant simulacrum (D:10)
  5 ufetubi
  An adder zombie (D:6)
  3 oozes
  An adder skeleton (D:4)
  2 dart slugs
  An adder simulacrum (D:10)
  7 leopard geckos
  56 orcs
  4 bats
  4 giant cockroaches
  5 goblins
  5 hobgoblins
  19 jackals
  2 quokkas
  3 ball pythons
  4 frilled lizards
  A giant cockroach zombie (D:6)
  6 kobolds
  A leopard gecko simulacrum (D:9)
  A leopard gecko zombie (D:6)
  2 rats (D:1)
328 creatures vanquished.

Vanquished Creatures (collateral kills)
  A leopard gecko (D:5)
1 creature vanquished.

Vanquished Creatures (others)
  A two-headed ogre (D:10)
  A polar bear (D:9)
  A troll (D:10)
  2 hippogriffs
  A bullfrog (D:9)
  A gnoll sergeant (D:10)
  A wight (D:11)
  A crimson imp (D:11)
  2 centaur skeletons
  An orc wizard (D:11)
  An iguana (D:5)
  2 plants
15 creatures vanquished.

Grand Total: 344 creatures vanquished

Notes
Turn   | Place    | Note
-------+----------+-------------------------------------------
     0 | D:1      | Lanoc the Minotaur Chaos Knight began the quest for the
                  | Orb.
     0 | D:1      | Reached XP level 1. HP: 19/19 MP: 0/0
   104 | D:1      | Reached XP level 2. HP: 23/27 MP: 1/1
   105 | D:1      | Reached skill level 4 in Maces & Flails
   187 | D:1      | XOM: silly message
   295 | D:2      | Reached XP level 3. HP: 28/33 MP: 2/2
   448 | D:2      | XOM: smoke on damage
   504 | D:2      | XOM: divination: detect creatures
   595 | D:2      | Reached XP level 4. HP: 17/40 MP: 3/3
   909 | D:3      | Found a radiant altar of Vehumet.
  1262 | D:4      | XOM: 2-stop teleportation journey
  1386 | D:4      | Reached skill level 5 in Maces & Flails
  1495 | D:4      | XOM: summons friendly crimson imp
  1508 | D:4      | Reached XP level 5. HP: 33/47 MP: 4/4
  1729 | D:4      | Noticed an orc warrior
  1730 | D:4      | XOM: noise
  2013 | D:4      | Noticed an ogre
  2020 | D:4      | XOM: noise
  2023 | D:4      | Killed an ogre
  2023 | D:4      | Reached XP level 6. HP: 22/55 MP: 5/5
  2086 | D:4      | XOM: harmless Summ miscast
  2230 | D:4      | Reached skill level 6 in Maces & Flails
  2359 | D:4      | Reached skill level 5 in Fighting
  2448 | D:4      | XOM: give mutations
  2448 | D:4      | Gained mutation: You expend magic power (3 MP) to
                  | strengthen your wands. [Xom's grace]
  2448 | D:4      | Gained mutation: You have supernaturally acute eyesight.
                  | (SInv) [Xom's grace]
  2448 | D:4      | Gained mutation: You can translocate small distances at
                  | will. [Xom's grace]
  2519 | D:4      | Found a shadowy altar of Dithmenos.
  2623 | D:4      | XOM: enchant monster (bad)
  2624 | D:4      | XOM: summons friendly quasit
  2708 | D:5      | Entered Level 5 of the Dungeon
  2751 | D:5      | Noticed Grinder
  2755 | D:5      | XOM: summons friendly iron imp
  2762 | D:5      | Banished Grinder
  2762 | D:5      | Reached skill level 7 in Maces & Flails
  2762 | D:5      | Reached XP level 7. HP: 50/61 MP: 6/6
  2871 | D:5      | Found a staircase to the Ecumenical Temple.
  2881 | Temple   | Entered the Ecumenical Temple
  2975 | D:5      | Reached skill level 5 in Armour
  3476 | D:5      | Noticed Eustachio
  3479 | D:5      | Killed Eustachio
  3479 | D:5      | Reached XP level 8. HP: 70/70 MP: 7/7
  3657 | D:5      | XOM: god gift: weird runed staff {god gift}
  3727 | D:6      | Reached skill level 8 in Maces & Flails
  3846 | D:6      | XOM: god gift: chain mail {god gift}
  3900 | D:6      | Found a radiant altar of Vehumet.
  4155 | D:6      | Reached skill level 5 in Dodging
  4308 | D:6      | Found a stormy altar of Qazlal.
  4325 | D:6      | Paralysed by you for 3 turns
  4331 | D:6      | XOM is BORED!
  4331 | D:6      | XOM: mild Pois miscast
  4605 | D:7      | XOM: mild Summ miscast
  4637 | D:7      | XOM: potion effect (agility)
  4643 | D:7      | Reached skill level 9 in Maces & Flails
  4676 | D:7      | Found a deep blue altar of Sif Muna.
  4773 | D:7      | XOM: destruction
  4892 | D:7      | XOM: god gift: 18 gold pieces
  4953 | D:7      | XOM: divination: magic mapping
  5166 | D:7      | XOM: divination: detect creatures
  5173 | D:7      | Reached XP level 9. HP: 29/79 MP: 8/8
  5183 | D:7      | Reached skill level 10 in Maces & Flails
  5532 | D:8      | Noticed a death yak
  5532 | D:8      | Noticed a death yak
  5532 | D:8      | Noticed a death yak
  5535 | D:8      | Noticed a death yak
  5535 | D:8      | Noticed a death yak
  5536 | D:8      | Noticed a death yak
  5629 | D:8      | XOM: harmless Conj miscast
  5631 | D:8      | Noticed Joseph
  5638 | D:8      | XOM: potion effect (brilliance)
  5639 | D:8      | XOM: potion effect (agility)
  5648 | D:8      | XOM: potion effect (heal wounds)
  5654 | D:8      | XOM: potion effect (curing)
  5657 | D:8      | Killed a death yak
  5830 | D:8      | Reached skill level 11 in Maces & Flails
  5929 | D:8      | Reached XP level 10. HP: 85/90 MP: 9/9
  5947 | D:8      | XOM: 7-stop teleportation journey
  6083 | D:8      | Found a basalt altar of Yredelemnul.
  6180 | D:8      | XOM: harmless Necr miscast
  6209 | D:8      | Found an ornate altar of the Wu Jian Council.
  6215 | D:8      | Found an iron altar of Okawaru.
  6215 | D:8      | Found a shattered altar of Ashenzari.
  6215 | D:8      | Found a sparkling altar of Nemelex Xobeh.
  6215 | D:8      | XOM: swap monsters
  6253 | D:8      | Found a glowing golden altar of the Shining One.
  6254 | D:8      | Found a sacrificial altar of Ru.
  6392 | D:8      | XOM: scenery: create altars
  6399 | D:8      | Banished Joseph
  6405 | D:8      | XOM: enchant monster (good)
  6412 | D:8      | XOM: harmless Air miscast
  6424 | D:8      | Killed a death yak
  6424 | D:8      | Reached skill level 12 in Maces & Flails
  6428 | D:8      | XOM: mild Erth miscast
  6430 | D:8      | Killed a death yak
  6443 | D:8      | Killed a death yak
  6446 | D:8      | Banished a death yak
  6548 | D:8      | Found a staircase to the Lair.
  6572 | D:8      | XOM: silly message
  6579 | D:8      | Noticed Harold
  6584 | D:8      | XOM: potion effect (agility)
  6599 | D:8      | Killed Harold
  6599 | D:8      | Reached skill level 13 in Maces & Flails
  6599 | D:8      | Reached XP level 11. HP: 96/99 MP: 10/10
  6738 | D:8      | XOM: divination: detect creatures
  6743 | D:8      | XOM: potion effect (haste)
  6745 | D:8      | Killed a death yak
  6818 | D:9      | Reached skill level 10 in Fighting
  7319 | D:9      | XOM: noise
  7347 | D:9      | XOM: polymorph centaur -> shapeshifter
  7402 | D:9      | Found a shattered altar of Ashenzari.
  7402 | D:9      | XOM: polymorph orc warrior -> swamp drake
  7498 | D:9      | XOM: summons 3 hostile shadow creatures
  7696 | D:9      | XOM: harmless Ice miscast
  7716 | D:9      | Reached skill level 10 in Armour
  7749 | D:10     | Entered Level 10 of the Dungeon
  8098 | D:10     | XOM: divination: detect items
  8137 | D:10     | Noticed a two-headed ogre
  8168 | D:10     | Found a staircase to the Orcish Mines.
  8256 | D:10     | Reached skill level 14 in Maces & Flails
  8412 | D:10     | XOM: harmless Erth miscast
  8443 | D:10     | XOM: noise
  8511 | D:10     | Noticed a two-headed ogre
  8515 | D:10     | Killed a two-headed ogre
  8604 | D:10     | Banished a two-headed ogre
  8995 | D:11     | XOM: cloud trail
  9056 | D:11     | Reached XP level 12. HP: 97/110 MP: 11/11
  9131 | D:11     | Noticed a two-headed ogre
  9137 | D:11     | XOM: chaos upgrade
  9142 | D:11     | Killed a two-headed ogre
  9148 | D:11     | XOM: 1-stop teleportation journey
  9246 | D:11     | XOM: noise
  9254 | D:11     | Reached skill level 10 in Dodging
  9366 | D:11     | XOM: repel stairs
  9374 | D:11     | Reached skill level 15 in Maces & Flails
  9387 | D:11     | XOM: stat loss: -1 Int (8/9)
  9429 | D:11     | Noticed Snorg
  9432 | D:11     | XOM: chaos cloud
  9438 | D:11     | Killed Snorg
  9605 | D:12     | XOM: 3-stop teleportation journey
  9614 | D:12     | XOM: chaos upgrade
  9622 | D:12     | HP: 5/111 [yaktaur/bolt (22)]
  9627 | D:12     | Shot with a bolt by a yaktaur

Skill      XL: |  1  2  3  4  5  6  7  8  9 10 11 12 |
---------------+-------------------------------------+-----
Maces & Flails | 4 5 7 9 11 13 14 15 | 15.3
Fighting       | 4 5 6 7 8 9 11 | 11.6
Armour         | 3 4 5 6 8 9 10 11 | 11.3
Dodging        | 2 3 4 5 7 8 9 10 | 10.3

Action                   |  1- 3 |  4- 6 |  7- 9 | 10-12 || total
-------------------------+-------+-------+-------+-------++-------
Melee: Mace              |    77 |   102 |       |       ||   179
       Headbutt          |    12 |    16 |    37 |    92 ||   157
       Morningstar       |       |    10 |   221 |   528 ||   759
Evoke: Wand              |       |       |     1 |     6 ||     7
  Use: Scroll            |       |     2 |     9 |     6 ||    17
       Potion            |       |     1 |     5 |    10 ||    16
 Stab: Petrifying        |       |     1 |       |     2 ||     3
       Sleeping          |       |       |     2 |       ||     2
       Petrified         |       |       |       |     2 ||     2
       Distracted        |       |       |       |     1 ||     1
       Invisible         |       |       |       |     1 ||     1
  Eat: Chunk             |       |     5 |    12 |    13 ||    30
Armor: Leather armour    |    38 |    28 |    56 |    71 ||   193
Dodge: Dodged            |    50 |    45 |   193 |   446 ||   734
